 Dungeon Crawl Stone Soup version 0.31-a0-167-g1c394c0614 (webtiles) character file.

Game seed: 949751386542672958

1804 qw the Cleaver (level 9, -1/55 HPs)
             Began as a Gargoyle Fighter on June 14, 2023.
             Was a Follower of Okawaru.
             Slain by Joseph
             ... wielding a +0 quarterstaff
              (10 damage)
             ... on level 7 of the Dungeon.
             The game lasted 00:02:34 (5640 turns).

qw the Cleaver (Gargoyle Fighter)                   Turns: 5640, Time: 00:02:35

Health: -1/55      AC: 27    Str: 25    XL:     9   Next: 9%
Magic:  7/10       EV:  9    Int:  8    God:    Okawaru [*.....]
Gold:   428        SH:  5    Dex:  9    Spells: 8/8 levels left

rFire   + . .        Y - +0 war axe (freeze)
rCold   + . .        c - +0 buckler
rNeg    + . .        r - +0 plate armour
rPois   inf          k - +1 hat
rElec   +            (no cloak)
rCorr   .            g - +1 pair of gloves
SInv    .            p - +0 pair of boots
Will    .....        (no amulet) Stlth
                     (no ring)
HPRegen 0.29/turn    (no ring)
MPRegen 0.12/turn

%: no passive effects
@: about to teleport, heroic
A: sickness immunity, AC +6, negative energy resistance 1, electricity
resistance, torment resistance 1, petrification resistance, iridescent scales 1,
cold resistance 1, fire resistance 1
a: Renounce Religion, Heroism


You were on level 7 of the Dungeon.
You worshipped Okawaru.
Okawaru was aware of your devotion.
You visited 2 branches of the dungeon, and saw 8 of its levels.

You collected 428 gold pieces.


Innate Abilities, Weirdness & Mutations

You are immune to sickness and miasma.
Your stone body is resilient. (AC +6)
You are immune to poison.
You resist negative energy. (rN+)
You are resistant to electric shocks. (rElec)
You are resistant to unholy torment.
You are immune to petrification.
You are partially covered in iridescent scales. (AC +2)
Your flesh is cold resistant. (rC+)
Your flesh is heat resistant. (rF+)


   Skills:
 - Level 6.0(11.0) Fighting
 + Level 8.4(13.4) Axes
 - Level 2.1(7.1) Throwing
 - Level 5.0(10.0) Armour
 - Level 1.2(6.2) Dodging
 - Level 3.2(8.2) Shields
 + Level 2.5 Invocations


You had 8 spell levels left.
You didn't know any spells.
Your spell library was empty.

Inventory:

Hand Weapons
 b - a +1 flail of protection
 Y - a +0 war axe of freezing (weapon)
Missiles
 t - a silver javelin (quivered)
Armour
 c - a +0 buckler (worn)
 g - a +1 pair of gloves (worn)
 k - a +1 hat (worn)
 p - a +0 pair of boots (worn)
 r - a +0 plate armour (worn)
Wands
 f - a wand of digging (3)
Scrolls
 i - a scroll of identify
Potions
 d - a potion of might
 e - a potion of mutation
 h - a potion of attraction {unknown}
 m - a potion of haste
 n - a potion of enlightenment {unknown}
 o - a potion of curing
 q - a potion of heal wounds
 s - a potion of lignification {unknown}

Dungeon Overview and Level Annotations

Branches:
Dungeon (7/15)             Temple (1/1) D:5

Altars:
Ashenzari
Cheibriados
Dithmenos
Elyvilon
Fedhas
Gozag
Hepliaklqana
Kikubaaqudgha
Makhleb
Nemelex Xobeh
Okawaru
Qazlal
Sif Muna
Trog
Uskayaw
Xom
The Shining One

Annotations:
D:7 Joseph


Message History

You freeze the gnoll. You closely miss the gnoll. You block the gnoll's attack.
You block the ice beast's attack. The gnoll closely misses you.
The gnoll hits you but does no damage.
You barely miss the gnoll.
The gnoll is severely wounded.
You closely miss the gnoll.
You hit the gnoll sergeant but do no damage.
You barely miss the ice beast. You block the gnoll sergeant's attack.
The gnoll hits you but does no damage. x2
You barely miss the gnoll.
The gnoll is severely wounded.
You hit the ice beast but do no damage. You closely miss the gnoll.
You hit the gnoll sergeant. You freeze the gnoll sergeant.
The gnoll is no longer moving quickly.
The ice beast hits you. The ice beast freezes you. You resist.
The gnoll hits you but does no damage. The gnoll closely misses you.
The gnoll barely misses you. The gnoll sergeant barely misses you.
The gnoll closely misses you.
You hit the gnoll. You freeze the gnoll.
You kill the gnoll!
Okawaru accepts your kill.
You hit the gnoll sergeant. You freeze the gnoll sergeant.
You hit the ice beast. You slash the gnoll! You freeze the gnoll.
You kill the gnoll!
Okawaru accepts your kill.
The gnoll sergeant is no longer moving quickly.
You block the ice beast's attack.
The gnoll hits you from afar with a +0 halberd.
The gnoll sergeant hits you but does no damage.
Joseph tries to grin evilly.
The gnoll completely misses you.
5640 ||| READING scroll of teleportation.
As you read the scroll of teleportation, it crumbles to dust.
You feel strangely unstable. The orc hits you with a +0 short sword.
The ice beast hits you but does no damage.
The gnoll closely misses you.
The gnoll sergeant hits you but does no damage.
Joseph unwields a +0 sling.
Joseph wields a +0 quarterstaff.
Joseph hits you with a +0 quarterstaff!
You die...

......#######...#......#
.........................
....$.................##.
..............#.......#
......................#
.......#..##.#........#
......##.......#......#
......).)@#.####.....#
.#....gY@o..# ##..
...###...g...... ###
#...g...... ...#####....
.... .... +#### ... .


You could see Joseph, an ice beast, a gnoll sergeant, 2 gnolls and an orc.

Vanquished Creatures
  Edmund (D:5)
  A water moccasin (D:6)
  An ice beast (D:6)
  A black bear (D:5)
  2 ogres
  A phantom (D:7)
  Blork the orc (D:5)
  A scorpion (D:6)
  A bullfrog (D:7)
  A hound (D:6)
  A jelly (D:5)
  A sleepcap (D:4)
  3 orc priests
  3 gnoll boudas
  5 iguanas
  Ijyb (D:5)
  Terence (D:2)
  5 orc wizards
  13 gnolls
  13 adders
  A shadow imp (D:5)
  A white imp (D:6)
  2 ufetubi (D:5)
  A worm (D:2)
  2 dart slugs
  17 orcs
  7 ball pythons
  13 endoplasms
  3 giant cockroaches
  3 goblins
  13 hobgoblins
  4 jackals
  2 quokkas
  5 bats
  3 frilled lizards
  2 kobolds (D:4)
  10 rats
146 creatures vanquished.

Vanquished Creatures (others)
  A gnoll (D:7)
  A goblin (D:4)
2 creatures vanquished.

Grand Total: 148 creatures vanquished

Notes
Turn   | Place    | Note
-------+----------+-------------------------------------------
     0 | D:1      | qw the Gargoyle Fighter began the quest for the Orb.
     0 | D:1      | Reached XP level 1. HP: 14/14 MP: 1/1
     0 | D:1      | 0 ||| qw: Version: 0.2-a-29-g1fa15c8
     0 | D:1      | 0 ||| qw: Game counter: 5155
     0 | D:1      | 0 ||| qw: Always use a shield: true
     0 | D:1      | 0 ||| qw: God list: Okawaru
     0 | D:1      | 0 ||| qw: Allow faded altars: false
     0 | D:1      | 0 ||| qw: Do Orc after D:15 true
     0 | D:1      | 0 ||| qw: Do second Lair branch before Depths: true
     0 | D:1      | 0 ||| qw: Lair rune preference: random
     0 | D:1      | 0 ||| qw: Plans: Normal, Zot:1-4, Slime:5, God:TSO, Crypt,
                  | Tomb, Abyss, Pan, Hells, Win
     0 | D:1      | 0 ||| PLANNING D:1-11
    69 | D:1      | Reached skill level 2 in Axes
   127 | D:1      | Reached XP level 2. HP: 19/19 MP: 2/2
   318 | D:1      | 318 ||| Stepping ~*~*~tactically~*~*~ (stealth).
   489 | D:1      | Reached skill level 3 in Axes
   531 | D:1      | Reached XP level 3. HP: 23/23 MP: 3/3
   692 | D:1      | 692 ||| UPGRADING to +0 pair of gloves.
   697 | D:1      | 697 ||| UPGRADING to +1 hat.
   702 | D:1      | 702 ||| READING scroll labelled ACRERI NORCH.
   703 | D:1      | 703 ||| READING 2 scrolls labelled LERRATIRAH.
   704 | D:1      | 704 ||| READING scroll labelled QUETYZ QUGGATH.
   705 | D:1      | 705 ||| READING scroll labelled NAFIETT LAEQA.
   806 | D:1      | 806 ||| DROPPING scroll of fear.
   929 | D:2      | Noticed Terence
   932 | D:2      | Reached skill level 1 in Throwing
   934 | D:2      | Killed Terence
  1003 | D:2      | Reached XP level 4. HP: 26/28 MP: 4/4
  1115 | D:2      | 1115 ||| DROPPING +0 whip of electrocution.
  1423 | D:2      | 1423 ||| Stepping ~*~*~tactically~*~*~ (stealth).
  1550 | D:2      | 1550 ||| Stepping ~*~*~tactically~*~*~ (hiding).
  1565 | D:2      | Reached skill level 4 in Axes
  1753 | D:2      | 1753 ||| UPGRADING to +0 pair of boots.
  1758 | D:2      | 1758 ||| READING scroll labelled EGAKEI NUFAQUE.
  1763 | D:2      | 1763 ||| READING scroll labelled KECIUT TOSAHA.
  1764 | D:2      | 1764 ||| READING scroll labelled HOCWUT QAL.
  1765 | D:2      | 1765 ||| DRINKING 2 golden potions.
  1765 | D:2      | Gained mutation: You are partially covered in iridescent
                  | scales. (AC +2) [potion of mutation]
  1765 | D:2      | Gained mutation: Your flesh is heat resistant. (rF+)
                  | [potion of mutation]
  1765 | D:2      | Gained mutation: Your flesh is cold resistant. (rC+)
                  | [potion of mutation]
  1766 | D:2      | 1766 ||| DRINKING 4 bubbling orange potions.
  1884 | D:3      | 1884 ||| Stepping ~*~*~tactically~*~*~ (stealth).
  1885 | D:3      | 1885 ||| DROPPING +0 mace.
  1905 | D:3      | Reached XP level 5. HP: 31/32 MP: 5/5
  1918 | D:3      | Found a faded altar of an unknown god.
  1986 | D:3      | 1986 ||| Stepping ~*~*~tactically~*~*~ (hiding).
  1987 | D:3      | 1987 ||| Stepping ~*~*~tactically~*~*~ (hiding).
  2266 | D:3      | Found a shimmering blue altar of Sif Muna.
  2421 | D:3      | Reached skill level 5 in Axes
  2446 | D:3      | Reached XP level 6. HP: 21/38 MP: 6/6
  2779 | D:3      | 2779 ||| UPGRADING to +0 chain mail.
  2789 | D:3      | 2789 ||| DROPPING +0 scale mail.
  2790 | D:3      | 2790 ||| READING scroll labelled GUCI WES WUCZI.
  3021 | D:4      | 3021 ||| Stepping ~*~*~tactically~*~*~ (stealth).
  3022 | D:4      | 3022 ||| Stepping ~*~*~tactically~*~*~ (stealth).
  3029 | D:4      | 3029 ||| Stepping ~*~*~tactically~*~*~ (stealth).
  3030 | D:4      | 3030 ||| Stepping ~*~*~tactically~*~*~ (stealth).
  3037 | D:4      | HP: 3/38 [ogre/+0 giant spiked club (27)]
  3039 | D:4      | Reached skill level 6 in Axes
  3039 | D:4      | Reached XP level 7. HP: 4/43 MP: 7/7
  3040 | D:4      | 3040 ||| FLEEEEING.
  3041 | D:4      | 3041 ||| FLEEEEING.
  3042 | D:4      | 3042 ||| FLEEEEING.
  3043 | D:4      | 3043 ||| FLEEEEING.
  3044 | D:4      | 3044 ||| FLEEEEING.
  3045 | D:4      | 3045 ||| FLEEEEING.
  3046 | D:4      | 3046 ||| FLEEEEING.
  3047 | D:4      | 3047 ||| FLEEEEING.
  3048 | D:4      | 3048 ||| FLEEEEING.
  3049 | D:4      | 3049 ||| FLEEEEING.
  3050 | D:4      | 3050 ||| FLEEEEING.
  3051 | D:4      | 3051 ||| FLEEEEING.
  3052 | D:4      | 3052 ||| FLEEEEING.
  3053 | D:4      | 3053 ||| FLEEEEING.
  3054 | D:4      | 3054 ||| FLEEEEING.
  3055 | D:4      | 3055 ||| FLEEEEING.
  3056 | D:4      | 3056 ||| FLEEEEING.
  3057 | D:4      | 3057 ||| FLEEEEING.
  3058 | D:4      | 3058 ||| FLEEEEING.
  3059 | D:4      | 3059 ||| FLEEEEING.
  3060 | D:4      | 3060 ||| FLEEEEING.
  3061 | D:4      | 3061 ||| FLEEEEING.
  3062 | D:4      | 3062 ||| FLEEEEING.
  3063 | D:4      | 3063 ||| FLEEEEING.
  3064 | D:4      | 3064 ||| FLEEEEING.
  3065 | D:4      | 3065 ||| FLEEEEING.
  3066 | D:4      | 3066 ||| FLEEEEING.
  3067 | D:4      | 3067 ||| FLEEEEING.
  3068 | D:4      | 3068 ||| FLEEEEING.
  3069 | D:4      | 3069 ||| FLEEEEING.
  3070 | D:4      | 3070 ||| FLEEEEING.
  3071 | D:4      | 3071 ||| FLEEEEING.
  3072 | D:4      | 3072 ||| FLEEEEING.
  3073 | D:4      | 3073 ||| FLEEEEING.
  3074 | D:4      | 3074 ||| FLEEEEING.
  3075 | D:4      | 3075 ||| FLEEEEING.
  3076 | D:4      | 3076 ||| FLEEEEING.
  3077 | D:4      | 3077 ||| FLEEEEING.
  3078 | D:4      | 3078 ||| FLEEEEING.
  3079 | D:4      | 3079 ||| FLEEEEING.
  3080 | D:4      | 3080 ||| FLEEEEING.
  3081 | D:4      | 3081 ||| FLEEEEING.
  3082 | D:4      | 3082 ||| FLEEEEING.
  3083 | D:4      | 3083 ||| FLEEEEING.
  3084 | D:4      | 3084 ||| FLEEEEING.
  3085 | D:4      | 3085 ||| FLEEEEING.
  3086 | D:4      | 3086 ||| FLEEEEING.
  3087 | D:4      | 3087 ||| STAIRDANCE
  3183 | D:3      | 3183 ||| READING scroll labelled HUNIAMULENN.
  3248 | D:4      | 3248 ||| Stepping ~*~*~tactically~*~*~ (stealth).
  3509 | D:4      | 3509 ||| UPGRADING to +0 plate armour.
  3519 | D:4      | 3519 ||| DROPPING +0 chain mail.
  3520 | D:4      | 3520 ||| READING scroll labelled PUHONW KAMALE.
  3521 | D:4      | 3521 ||| DRINKING 3 cyan potions.
  3536 | D:5      | Entered Level 5 of the Dungeon
  3686 | D:5      | 3686 ||| Stepping ~*~*~tactically~*~*~ (hiding).
  3687 | D:5      | 3687 ||| Stepping ~*~*~tactically~*~*~ (hiding).
  3692 | D:5      | 3692 ||| DRINKING 4 potions of curing.
  3692 | D:5      | 3692 ||| (to cure confusion)
  3710 | D:5      | 3710 ||| Stepping ~*~*~tactically~*~*~ (stealth).
  3712 | D:5      | 3712 ||| Stepping ~*~*~tactically~*~*~ (hiding).
  3714 | D:5      | 3714 ||| Stepping ~*~*~tactically~*~*~ (hiding).
  3738 | D:5      | Noticed Blork the orc
  3739 | D:5      | 3739 ||| FLEEEEING.
  3755 | D:5      | Noticed Edmund
  3758 | D:5      | Killed Blork the orc
  3774 | D:5      | HP: 9/43 [Edmund/+1 flail of protection (11)]
  3775 | D:5      | 3775 ||| READING scroll of teleportation.
  3776 | D:5      | 3776 ||| DRINKING 2 potions of heal wounds.
  3777 | D:5      | Killed Edmund
  3874 | D:5      | 3874 ||| DROPPING +0 flail.
  3875 | D:5      | 3875 ||| DROPPING +3 antimagic flail.
  4011 | D:5      | Reached XP level 8. HP: 48/48 MP: 8/8
  4019 | D:5      | Reached skill level 7 in Axes
  4024 | D:5      | Identified the +0 ring mail "Dykhe" {Dex+4}
  4082 | D:5      | Found a staircase to the Ecumenical Temple.
  4083 | D:5      | 4083 ||| PLANNING TEMPLE
  4092 | Temple   | Entered the Ecumenical Temple
  4104 | Temple   | 4104 ||| PLANNING OKAWARU WORSHIP
  4270 | Temple   | Became a worshipper of Warmaster Okawaru
  4271 | Temple   | 4271 ||| PLANNING D:1-11
  4427 | D:5      | Noticed Ijyb
  4430 | D:5      | 4430 ||| DRINKING 4 potions of curing.
  4430 | D:5      | 4430 ||| (to cure confusion)
  4439 | D:5      | Killed Ijyb
  4440 | D:5      | Reached skill level 1 in Dodging
  4823 | D:6      | Reached skill level 8 in Axes
  4898 | D:6      | Identified the +1 long sword "Cuokh" {heavy, Will+ rCorr
                  | Stlth+}
  4963 | D:6      | Reached * piety under Okawaru
  5171 | D:6      | 5171 ||| READING scroll of enchant armour.
  5171 | D:6      | 5171 ||| ENCHANTING +0 pair of gloves.
  5194 | D:6      | 5194 ||| DRINKING 3 potions of curing.
  5194 | D:6      | 5194 ||| (to cure confusion)
  5207 | D:6      | Reached skill level 6 in Fighting
  5207 | D:6      | Reached skill level 1 in Invocations
  5525 | D:6      | 5525 ||| READING 2 scrolls labelled VEUPTARYRO.
  5526 | D:6      | 5526 ||| DRINKING 2 green potions.
  5527 | D:6      | 5527 ||| DRINKING 2 potions of curing.
  5527 | D:6      | 5527 ||| (to cure confusion)
  5528 | D:6      | 5528 ||| DROPPING scroll of fog.
  5529 | D:6      | 5529 ||| DROPPING potion of ambrosia.
  5614 | D:7      | 5614 ||| Stepping ~*~*~tactically~*~*~ (stealth).
  5615 | D:7      | 5615 ||| Stepping ~*~*~tactically~*~*~ (stealth).
  5617 | D:7      | 5617 ||| Stepping ~*~*~tactically~*~*~ (hiding).
  5618 | D:7      | 5618 ||| Stepping ~*~*~tactically~*~*~ (hiding).
  5619 | D:7      | 5619 ||| INVOKING Heroism.
  5624 | D:7      | Reached XP level 9. HP: 55/55 MP: 7/10
  5624 | D:7      | Noticed Joseph
  5634 | D:7      | 5634 ||| INVOKING Heroism.
  5639 | D:7      | HP: 11/55 [gnoll/+0 halberd[a gnoll sergeant] (4)]
  5640 | D:7      | 5640 ||| READING scroll of teleportation.
  5640 | D:7      | Slain by Joseph

Levels and vault maps discovered:
D:1:      dpeg_arrival_tiny_c, layout_basic, serial_bayou_crossing
D:2:      minmay_evil_eye, layout_loops_corners, minmay_misc_feat_tiny,
          uniq_terence
D:3:      layout_loops_corners, led_sif_pool, chequers_ecumenical_altar_simple
D:4:      layout_rooms
D:5:      layout_basic, minmay_temple_entry_proselytizer, minmay_checkerbox,
          uniq_ijyb, uniq_edmund, uniq_blork_the_orc
D:6:      layout_basic
D:7:      layout_rooms, nicolae_vehumet_altar_sigil, uniq_joseph
Temple:   nicolae_temple_slightly_damp_pantheon

Skill      XL: |  1  2  3  4  5  6  7  8  9 |
---------------+----------------------------+-----
Axes           | 2 3 4 5 6 8 |  8.4
Throwing       | 1 2 |  2.1
Fighting       | 4 6 |  6.0
Armour         | 4 5 |  5.0
Dodging        | 1 |  1.2
Invocations    | 1 2 |  2.5
Shields        | |  3.2

Action                     |  1- 3 |  4- 6 |  7- 9 || total
---------------------------+-------+-------+-------++-------
  Melee: War axe           |    39 |   142 |   194 ||   375
  Throw: Javelin           |    28 |    55 |    16 ||    99
 Invoke: Heroism           |       |       |     2 ||     2
    Use: Scroll            |     4 |     4 |     6 ||    14
         Potion            |       |     2 |     7 ||     9
 Armour: Scale mail        |    15 |    78 |       ||    93
         Chain mail        |       |     9 |    13 ||    22
         Plate armour      |       |       |   169 ||   169
  Dodge: Dodged            |    15 |    51 |    85 ||   151
  Block: Buckler           |     2 |    22 |    39 ||    63

Table legend:
 A = Non-vault XP
 B = Vault XP
 C = Vault XP percentage of total XP
 D = Non-vault monster count
 E = Vault monster count
 F = Vault count percentage of total count
                 A         B        C        D         E       F
            +---------+---------+-------+---------+---------+-------
      Total |    1938 |     640 |  24.8 |     131 |      15 |  10.3
            +---------+---------+-------+---------+---------+-------
        D:1 |      35 |       0 |   0.0 |      21 |       0 |   0.0
        D:2 |      29 |      60 |  67.4 |      15 |       7 |  31.8
        D:3 |     236 |       0 |   0.0 |      31 |       0 |   0.0
        D:4 |     319 |       0 |   0.0 |      24 |       0 |   0.0
        D:5 |     296 |     580 |  66.2 |      10 |       8 |  44.4
        D:6 |     688 |       0 |   0.0 |      21 |       0 |   0.0
        D:7 |     335 |       0 |   0.0 |       9 |       0 |   0.0
            +---------+---------+-------+---------+---------+-------
